 Dungeon Crawl Stone Soup version 0.31-a0-150-g89dc3ad700 (webtiles) character file.

Game seed: 11991593894487808206

116 qw the Shooter (level 4, -4/40 HPs)
             Began as a Minotaur Hunter on June 8, 2023.
             Was an Initiate of Okawaru.
             Killed by divine providence
             ... invoked by an orc priest
              (11 damage)
             ... on level 3 of the Dungeon.
             The game lasted 00:00:36 (1981 turns).

qw the Shooter (Minotaur Hunter)                    Turns: 1981, Time: 00:00:37

Health: -4/40      AC:  4    Str: 15    XL:     4   Next: 69%
Magic:  3/3        EV: 12    Int:  6    God:    Okawaru [......]
Gold:   104        SH:  0    Dex: 16    Spells: 3/3 levels left

rFire   . . .        Y - +1 shortbow (freeze)
rCold   . . .        (shield currently unavailable)
rNeg    . . .        c - +0 leather armour
rPois   .            (helmet restricted)
rElec   .            (no cloak)
rCorr   .            e - +0 pair of gloves
SInv    .            (no boots)
Will    .....        g - amulet of the acrobat
Stlth   +            (no ring)
HPRegen 0.26/turn    (no ring)
MPRegen 0.08/turn

%: acrobat
@: no status effects
A: horns 2, retaliatory headbutt
a: Renounce Religion


You were on level 3 of the Dungeon.
You worshipped Okawaru.
Okawaru was noncommittal.
You visited 1 branch of the dungeon, and saw 3 of its levels.

You collected 104 gold pieces.


Innate Abilities, Weirdness & Mutations

You have a pair of horns on your head.
You reflexively headbutt those who attack you in melee.


   Skills:
 + Level 3.9 Fighting
 - Level 6.0 Ranged Weapons
 - Level 1.0 Armour
 - Level 2.1 Dodging
 - Level 0.7 Stealth


You had 3 spell levels left.
You didn't know any spells.
Your spell library was empty.

Inventory:

Hand Weapons
 Y - a +1 shortbow of freezing (weapon)
Armour
 c - a +0 leather armour (worn)
 e - a +0 pair of gloves (worn)
Jewellery
 g - an amulet of the acrobat (around neck)
Scrolls
 a - a scroll of identify
Potions
 b - a potion of curing {unknown}
 f - a potion of berserk rage {unknown}
 j - a potion of magic {unknown}
 k - a potion of cancellation {unknown}

Dungeon Overview and Level Annotations

Branches:
Dungeon (3/15)

Altars:
Okawaru
Qazlal
Ru

Annotations:
D:3 Robin


Message History

You shoot an arrow. The arrow misses the adder.
The goblin shouts!
You hear a shout!
The adder is no longer moving slowly.
The goblin hits you with a +0 club. The orc closely misses you.
Robin throws the goblin at you!
A goblin comes into view. It is wielding a +0 dagger.
The adder closely misses you.
You shoot an arrow. The arrow hits the adder!
The arrow freezes the adder.
You kill the adder!
Okawaru accepts your kill. The goblin hits you with a +0 dagger.
The orc hits you with a +0 dagger. The goblin hits you but does no damage.
Robin throws the goblin at you! The goblin hits you but does no damage.
You shoot an arrow.
The arrow hits the orc but does no damage.
A bat comes into view.
The goblin closely misses you. You furiously retaliate!
You headbutt the goblin, but do no damage.
The orc hits you but does no damage. The goblin closely misses you. x2
Robin roars a battlecry!
The goblins go into a battle-frenzy!
You hear a shout!
You shoot an arrow. The arrow hits the orc.
The arrow freezes the orc.
The orc is almost dead.
The orc priest invokes the aid of Beogh against you.
Beogh smites you! The goblin closely misses you. You furiously retaliate!
You headbutt the goblin!
You kill the goblin!
Okawaru accepts your kill.
Robin says, "We wiped out the hill dwarves - you're next!"
The goblin closely misses you. The goblin hits you with a +0 dagger.
The orc hits you with a +0 dagger.
A goblin comes into view. It is wielding a +0 club.
The orc closely misses you. The goblin hits you with a +0 dagger.
The goblin barely misses you. You furiously retaliate!
You headbutt the goblin!
You kill the goblin!
Okawaru accepts your kill.
The orc priest invokes the aid of Beogh against you.
Beogh smites you!
You die...

#.#
###.####......#####.
#.# ##'## ######.#
#. ..# #...# #.###
## ### #...#
#...#### #..(#
###..#.. #./.#
##...# #...#######
##%##
+.).'...........>.+
#)@.############.##
.....gog....... ....
#..gg..g.....## #.##
....gg.o.....# #.#
....b....)...# #.#
.g.......)...# #.#
g.###..$.....# ..
#........#


You could see Robin, an orc priest, an orc, 8 goblins and a bat.

Vanquished Creatures
  A jelly (D:3)
  3 adders
  A worm (D:2)
  A dart slug (D:2)
  7 orcs (D:3)
  6 bats
  An endoplasm (D:3)
  2 giant cockroaches
  A hobgoblin (D:1)
  5 quokkas
  3 ball pythons
  A frilled lizard (D:1)
  9 goblins
  4 kobolds (D:1)
  3 rats
48 creatures vanquished.

Notes
Turn   | Place    | Note
-------+----------+-------------------------------------------
     0 | D:1      | qw the Minotaur Hunter began the quest for the Orb.
     0 | D:1      | Reached XP level 1. HP: 18/18 MP: 0/0
     0 | D:1      | 0 ||| qw: Version: 0.2-a-119-g7aa9181
     0 | D:1      | 0 ||| qw: Game counter: 2779
     0 | D:1      | 0 ||| qw: Always use a shield: true
     0 | D:1      | 0 ||| qw: God list: Okawaru
     0 | D:1      | 0 ||| qw: Allow faded altars: false
     0 | D:1      | 0 ||| qw: Do Orc after D:15 true
     0 | D:1      | 0 ||| qw: Do second Lair branch before Depths: true
     0 | D:1      | 0 ||| qw: Lair rune preference: random
     0 | D:1      | 0 ||| qw: Plans: Normal
     0 | D:1      | 0 ||| PLANNING D:1-11
   315 | D:1      | Reached XP level 2. HP: 25/25 MP: 1/1
   343 | D:1      | Reached skill level 5 in Ranged Weapons
   531 | D:1      | Found a faded altar of an unknown god.
   674 | D:1      | 674 ||| UPGRADING to +0 pair of gloves.
   679 | D:1      | 679 ||| READING scroll labelled QUAPOH RUBOUCW.
   680 | D:1      | 680 ||| READING scroll labelled OGRA ANIJUSA.
   681 | D:1      | 681 ||| READING scroll labelled TAYT ITEBI.
   682 | D:1      | 682 ||| READING scroll labelled ULEXIN CERCH.
   683 | D:1      | 683 ||| READING scroll labelled WEMILUEMYPH.
   686 | D:1      | 686 ||| DROPPING scroll of butterflies.
   709 | D:2      | Reached skill level 3 in Fighting
   832 | D:2      | Found a stormy altar of Qazlal.
   965 | D:2      | Reached XP level 3. HP: 31/31 MP: 2/2
  1486 | D:2      | 1486 ||| UPGRADING to amulet of the acrobat.
  1491 | D:2      | 1491 ||| READING 2 scrolls labelled NUCOTI JACU.
  1492 | D:2      | 1492 ||| DROPPING scroll of fog.
  1560 | D:3      | Reached skill level 6 in Ranged Weapons
  1560 | D:3      | Reached XP level 4. HP: 38/38 MP: 3/3
  1630 | D:3      | Found a sacrificial altar of Ru.
  1659 | D:3      | Reached skill level 1 in Armour
  1799 | D:3      | Found an iron altar of Okawaru.
  1800 | D:3      | 1800 ||| PLANNING OKAWARU WORSHIP
  1800 | D:3      | 1800 ||| DROPPING ring of flight.
  1801 | D:3      | 1801 ||| READING scroll labelled BUW WOLUJUSHRU.
  1902 | D:3      | 1902 ||| READING scroll labelled UXTEEKK YMIAHI.
  1905 | D:3      | Became a worshipper of Warmaster Okawaru
  1905 | D:3      | 1905 ||| PLANNING D:1-11
  1977 | D:3      | Noticed Robin
  1981 | D:3      | HP: 7/40 [goblin/+0 dagger[Robin] (5)]
  1981 | D:3      | Killed from afar by an orc priest

Levels and vault maps discovered:
D:1:      co_arrival_square_in_a_square_in_a_square, layout_loops_ring,
          shapermc_ecumenical_altar_ellora
D:2:      layout_basic, basic_altar
D:3:      layout_basic, nicolae_ru_path_of_blood, lemuel_doored_altar,
          uniq_robin, uniq_sigmund

Skill      XL: |  1  2  3  4 |
---------------+-------------+-----
Ranged Weapons | 5 6 |  6.0
Fighting       | 3 |  3.9
Armour         | 1 |  1.0
Dodging        | |  2.1
Stealth        | |  0.7

Action                     |  1- 3 |  4- 6 || total
---------------------------+-------+-------++-------
   Fire: Shortbow          |    80 |    43 ||   123
    Use: Scroll            |     6 |     2 ||     8
 Armour: Leather armour    |     7 |     6 ||    13
  Dodge: Dodged            |    19 |    19 ||    38

Table legend:
 A = Non-vault XP
 B = Vault XP
 C = Vault XP percentage of total XP
 D = Non-vault monster count
 E = Vault monster count
 F = Vault count percentage of total count
                 A         B        C        D         E       F
            +---------+---------+-------+---------+---------+-------
      Total |     166 |       4 |   2.4 |      46 |       2 |   4.2
            +---------+---------+-------+---------+---------+-------
        D:1 |      27 |       0 |   0.0 |      18 |       0 |   0.0
        D:2 |      33 |       0 |   0.0 |       9 |       0 |   0.0
        D:3 |     106 |       4 |   3.6 |      19 |       2 |   9.5
            +---------+---------+-------+---------+---------+-------
